Nordiques vs Lightning
Created - 19 décembre 2016 at 20:27
Goals
|
Nordiques |
1 |
0 |
3 |
4 |
Lightning |
1 |
0 |
0 |
1 |
|
Shots
|
Nordiques |
12 |
9 |
19 |
40 |
Lightning |
5 |
10 |
10 |
25 |
|
1st period
1. Lightning , Henrik Zetterberg 18 (Robert Nilsson) at 8:17
2. Nordiques , Chris Drury 12 (R.J. Umberger, Nikita Kucherov) at 13:30 (PP)
Penalties :
Chris Higgins (TB.) for Hooking (Minor) at 13:18, Chris Higgins (TB.) for Spearing (Major / Game Misconduct) at 14:08, Daniel Carcillo (TB.) for Slashing (Minor) at 19:51
2nd period
No Goal
Penalties :
T.J. Fast (Que) for Hooking (Minor) at 2:52
3rd period
3. Nordiques , Jean-Pierre Dumont 9 (Chris Drury, R.J. Umberger) at 5:56
4. Nordiques , Ryan Ellis 5 (Vaclav Prospal, Dmitry Kulikov) at 12:24 (PP)
5. Nordiques , Vaclav Prospal 7 (Kyle Calder, T.J. Fast) at 15:02
Penalties :
Darroll Powe (TB.) for Hooking (Minor) at 5:59, Henrik Zetterberg (TB.) for Slashing (Minor) at 11:15
Goalie Stats
Martin Brodeur (Que), 24 saves from 25 shots - (0,960), W, 10-5-1, 60:00 minutes
Tyler Weiman (TB.), 36 saves from 40 shots - (0,900), L, 15-8-2, 60:00 minutes
Players Stats for Nordiques
Player Name G A P +/- PIM S H SB GA TA FO MP PP MP PK MP
------------------------------------------------------------------------------------
Chris Drury 1 1 2 1 0 5 2 0 1 0 21/30 21:52 5:10 0:58
Dmitry Kulikov 0 1 1 -1 0 0 1 0 0 0 0/0 21:02 4:45 1:02
Dustin Byfuglien 0 0 0 1 0 3 3 2 1 0 0/0 26:24 4:54 0:57
Fedor Tyutin 0 0 0 1 0 2 3 3 1 1 0/0 27:21 5:17 0:18
Jarret Stoll 0 0 0 -1 0 1 1 0 0 0 1/6 13:32 1:08 0:42
Jean-Pierre Dumont 1 0 1 1 0 7 3 0 0 0 1/3 19:41 3:56 0:00
Kyle Calder 0 1 1 1 0 3 2 0 0 0 0/0 16:47 4:00 0:42
Matt Moulson 0 0 0 -1 0 2 0 2 0 0 0/0 12:47 1:06 0:00
Michael Ryder 0 0 0 -1 0 2 0 0 1 0 0/0 12:45 1:04 0:00
Nikita Kucherov 0 1 1 1 0 1 3 0 1 0 0/0 17:10 5:07 0:00
Niklas Kronwall 0 0 0 1 0 1 0 0 0 2 0/0 13:27 0:39 1:22
Nikolai Kulemin 0 0 0 0 0 1 0 1 0 1 0/0 8:18 0:05 0:00
Pascal Dupuis 0 0 0 0 0 0 1 0 0 0 1/2 9:24 0:11 1:00
R.J. Umberger 0 2 2 1 0 2 1 0 2 0 1/1 20:51 5:07 0:00
Rich Peverley 0 0 0 0 0 2 1 0 0 0 1/1 8:49 0:00 0:36
Ryan Ellis 1 0 1 -1 0 5 0 0 2 0 0/0 20:28 4:45 0:19
T.J. Fast 0 1 1 1 2 0 1 1 0 1 0/0 11:18 0:16 0:00
Vaclav Prospal 1 1 2 1 0 3 0 0 0 0 6/11 16:04 4:00 0:00
Players Stats for Lightning
Player Name G A P +/- PIM S H SB GA TA FO MP PP MP PK MP
------------------------------------------------------------------------------------
Alexander Sulzer 0 0 0 -1 0 0 0 0 0 0 0/0 11:37 0:20 0:30
Andy Rogers 0 0 0 -1 0 0 1 0 0 0 0/0 22:39 0:00 6:01
Brent Burns 0 0 0 1 0 4 2 1 1 1 0/0 25:16 1:07 3:47
Chris Higgins 0 0 0 0 17 1 0 0 0 0 0/0 4:25 0:00 0:00
Daniel Carcillo 0 0 0 0 2 2 3 0 1 1 0/1 14:53 0:13 1:19
Darroll Powe 0 0 0 0 2 1 1 0 1 0 3/5 10:03 0:00 2:39
Henrik Zetterberg 1 0 1 -1 2 4 1 1 0 0 1/1 17:09 0:59 0:00
Jamie Langenbrunner 0 0 0 0 0 0 3 0 0 1 1/1 12:00 0:00 3:12
Jeff Schultz 0 0 0 1 0 1 0 0 0 3 0/0 25:20 0:39 6:01
John Carlson 0 0 0 -1 0 2 0 2 0 1 0/0 20:23 1:20 0:30
Kris Versteeg 0 0 0 0 0 2 0 0 1 0 0/0 15:57 0:59 0:00
Logan Couture 0 0 0 0 0 0 2 3 0 0 5/10 18:32 0:47 5:27
Pierre-Luc Létourneau 0 0 0 0 0 0 1 0 0 0 0/0 7:25 0:00 0:00
Pierre-Marc Bouchard 0 0 0 0 0 5 2 1 0 1 5/13 16:47 1:00 0:49
Robert Nilsson 0 1 1 -1 0 1 1 1 0 1 7/22 19:31 0:59 2:00
Sheldon Keefe 0 0 0 0 0 0 4 0 0 0 0/1 15:44 0:00 5:10
Wayne Simmonds 0 0 0 -1 0 1 1 0 1 0 0/0 17:11 1:00 0:00
Wes O'Neill 0 0 0 -1 0 1 1 0 0 0 0/0 14:45 0:32 3:47
3 Stars
1 - Chris Drury (Que)
2 - Martin Brodeur (Que)
3 - Vaclav Prospal (Que)
Power Play
Nordiques - 2 on 5 Attempt(s) - 40,00%
Lightning - 0 on 1 Attempt(s) - 0,00%
Penalty Kill
Nordiques - 1 on 1 Attempt(s) - 100,00%
- Score 0 goal in Penalty Kill
Lightning - 3 on 5 Attempt(s) - 60,00%
- Score 0 goal in Penalty Kill
Team Stat
Nordiques - Hits : 22 - Faceoff Wins : 32 - Blocked Shots : 9 - Penalty Minutes : 2
Lightning - Hits : 23 - Faceoff Wins : 22 - Blocked Shots : 9 - Penalty Minutes : 23
Official
Referees : Watson Brad and Leggo Mike
Linesman : Steve Miller and Pierre Champoux
Game Notes
Chris Higgins ejected from game at 14:08 of 1st period
Finance
Level 1 -- Attendance: 4193 (69,88%) -- Ticket Income 461 230 $
Level 2 -- Attendance: 3351 (67,02%) -- Ticket Income 197 709 $
Level 3 -- Attendance: 1257 (62,85%) -- Ticket Income 49 023 $
Level 4 -- Attendance: 2177 (54,43%) -- Ticket Income 76 195 $
Luxury Box -- Attendance: 602 (60,20%) -- Ticket Income 126 420 $
Game was played at the Tampa Bay Stadium.
Total Attendance: 11580 (64,33%)
Total Ticket Income: 910 577 $
Other Income: 136 587 $
Total Income: 1 047 164 $
Nordiques
5 vs 5 Forward
Center Left Wing Right Wing Time % Phy DF OF
1 Chris Drury R.J. Umberger Jean-Pierre Dumont 40 0 0 5
2 Vaclav Prospal Kyle Calder Nikita Kucherov 30 0 0 5
3 Jarret Stoll Matt Moulson Michael Ryder 20 0 0 5
4 Rich Peverley Nikolai Kulemin Pascal Dupuis 10 0 0 5
5 vs 5 Defense
Defense Defense Time % Phy DF OF
1 Fedor Tyutin Dustin Byfuglien 40 1 1 3
2 Ryan Ellis Dmitry Kulikov 30 1 1 3
3 T.J. Fast Niklas Kronwall 20 1 3 1
4 Fedor Tyutin Dustin Byfuglien 10 1 1 3
PowerPlay Forward
Center Left Wing Right Wing Time % Phy DF OF
1 Chris Drury R.J. Umberger Nikita Kucherov 60 0 0 5
2 Vaclav Prospal Kyle Calder Jean-Pierre Dumont 40 0 0 5
PowerPlay Defense
Defense Defense Time % Phy DF OF
1 Fedor Tyutin Dustin Byfuglien 60 1 0 4
2 Ryan Ellis Dmitry Kulikov 40 1 0 4
Penalty Kill 4 Players Forward
Center Wing Time % Phy DF OF
1 Pascal Dupuis Chris Drury 60 1 3 1
2 Jarret Stoll Rich Peverley 40 1 3 1
Penalty Kill 4 Players Defense
Defense Defense Time % Phy DF OF
1 T.J. Fast Niklas Kronwall 60 2 3 0
2 Ryan Ellis Dmitry Kulikov 40 2 3 0
Penalty Kill - 3 Players Forward
Forward Time % Phy DF OF
1 Pascal Dupuis 60 1 4 0
2 Jarret Stoll 40 2 3 0
Penalty Kill - 3 Players Defense
Defense Defense Time % Phy DF OF
1 T.J. Fast Niklas Kronwall 60 1 4 0
2 Dustin Byfuglien Dmitry Kulikov 40 1 4 0
4 vs 4 Forward
Center Wing Time % Phy DF OF
1 Chris Drury Jean-Pierre Dumont 60 1 1 3
2 Vaclav Prospal Nikita Kucherov 40 1 1 3
4 vs 4 Defense
Defense Defense Time % Phy DF OF
1 Ryan Ellis Dmitry Kulikov 60 1 3 1
2 Fedor Tyutin Dustin Byfuglien 40 1 3 1
Last Minutes Offensive
Center Left Wing Right Wing Defense Defense
Chris Drury R.J. Umberger Nikita Kucherov Ryan Ellis Dmitry Kulikov
Last Minutes Defensive
Center Left Wing Right Wing Defense Defense
Pascal Dupuis Rich Peverley Vaclav Prospal T.J. Fast Niklas Kronwall
Goaltenders
Starting : Martin Brodeur
Backup : Julien Ellis
Extra Forwards
Normal : Chris Drury, Nikita Kucherov, R.J. Umberger - PP : Chris Drury, Jean-Pierre Dumont - PK : Rich Peverley
Extra Defensemen
Normal : Fedor Tyutin, Ryan Ellis, Dustin Byfuglien - PP : Fedor Tyutin - PK : Dmitry Kulikov, T.J. Fast
Penalty Shots
R.J. Umberger, Chris Drury, Vaclav Prospal, Jean-Pierre Dumont, Kyle Calder
Lightning
5 vs 5 Forward
Center Left Wing Right Wing Time % Phy DF OF
1 Robert Nilsson Henrik Zetterberg Wayne Simmonds 40 1 2 2
2 Pierre-Marc Bouchard Chris Higgins Kris Versteeg 30 1 2 2
3 Logan Couture Daniel Carcillo Jamie Langenbrunner 20 1 2 2
4 Darroll Powe Pierre-Luc Létourneau Sheldon Keefe 10 1 2 2
5 vs 5 Defense
Defense Defense Time % Phy DF OF
1 Brent Burns Jeff Schultz 40 1 2 2
2 John Carlson Andy Rogers 30 1 2 2
3 Wes O'Neill Alexander Sulzer 20 1 2 2
4 Brent Burns John Carlson 10 1 2 2
PowerPlay Forward
Center Left Wing Right Wing Time % Phy DF OF
1 Robert Nilsson Henrik Zetterberg Kris Versteeg 60 1 2 2
2 Pierre-Marc Bouchard Chris Higgins Wayne Simmonds 40 1 2 2
PowerPlay Defense
Defense Defense Time % Phy DF OF
1 Brent Burns John Carlson 60 1 2 2
2 Jeff Schultz Brent Burns 40 1 2 2
Penalty Kill 4 Players Forward
Center Wing Time % Phy DF OF
1 Logan Couture Sheldon Keefe 60 1 2 2
2 Darroll Powe Jamie Langenbrunner 40 1 2 2
Penalty Kill 4 Players Defense
Defense Defense Time % Phy DF OF
1 Andy Rogers Jeff Schultz 60 1 2 2
2 Brent Burns Wes O'Neill 40 1 2 2
Penalty Kill - 3 Players Forward
Forward Time % Phy DF OF
1 Wayne Simmonds 60 1 2 2
2 Logan Couture 40 1 2 2
Penalty Kill - 3 Players Defense
Defense Defense Time % Phy DF OF
1 Brent Burns Jeff Schultz 60 1 2 2
2 John Carlson Andy Rogers 40 1 2 2
4 vs 4 Forward
Center Wing Time % Phy DF OF
1 Robert Nilsson Kris Versteeg 60 1 2 2
2 Pierre-Marc Bouchard Henrik Zetterberg 40 1 2 2
4 vs 4 Defense
Defense Defense Time % Phy DF OF
1 Brent Burns Jeff Schultz 60 1 2 2
2 John Carlson Andy Rogers 40 1 2 2
Last Minutes Offensive
Center Left Wing Right Wing Defense Defense
Robert Nilsson Henrik Zetterberg Kris Versteeg Brent Burns John Carlson
Last Minutes Defensive
Center Left Wing Right Wing Defense Defense
Robert Nilsson Henrik Zetterberg Wayne Simmonds Andy Rogers Jeff Schultz
Goaltenders
Starting : Tyler Weiman
Backup : Erik Ersberg
Extra Forwards
Normal : Logan Couture, Daniel Carcillo, Sheldon Keefe - PP : Logan Couture, Daniel Carcillo - PK : Robert Nilsson
Extra Defensemen
Normal : Wes O'Neill, Alexander Sulzer, John Carlson - PP : Wes O'Neill - PK : Andy Rogers, John Carlson
Penalty Shots
Henrik Zetterberg, Robert Nilsson, Logan Couture, Chris Higgins, Daniel Carcillo
% Time on Ice - Nordiques
Lines # - Real PCT - Wanted PCT - Time Play
Normal Forward
1 - 33% - 40% - 15:45
2 - 25% - 30% - 12:04
3 - 24% - 20% - 11:41
4 - 17% - 10% - 8:13
Normal Defense
1 - 37% - 40% - 17:32
2 - 32% - 30% - 15:15
3 - 23% - 20% - 11:02
4 - 8% - 10% - 3:54
PP Forward
1 - 61% - 60% - 6:18
2 - 39% - 40% - 4:00
PP Defense
1 - 54% - 60% - 5:33
2 - 46% - 40% - 4:45
PK Forward
1 - 90% - 60% - 1:47
2 - 10% - 40% - 0:12
PK Defense
1 - 84% - 60% - 1:40
2 - 16% - 40% - 0:19
PK3 Forward
1 - 0% - 60%
2 - 0% - 40%
PK3 Defense
1 - 0% - 60%
2 - 0% - 40%
44 Forward
1 - 0% - 60%
2 - 0% - 40%
44 Defense
1 - 0% - 60%
2 - 0% - 40%
Last Minute Offensive - 0:00
Last Minute Defensive - 0:00
Total
Forward - 60:00
Defense - 60:00
|
% Time on Ice - Lightning
Lines # - Real PCT - Wanted PCT - Time Play
Normal Forward
1 - 35% - 40% - 16:38
2 - 31% - 30% - 14:58
3 - 18% - 20% - 8:42
4 - 16% - 10% - 7:25
Normal Defense
1 - 40% - 40% - 18:51
2 - 34% - 30% - 16:14
3 - 22% - 20% - 10:33
4 - 4% - 10% - 2:05
PP Forward
1 - 50% - 60% - 0:59
2 - 50% - 40% - 1:00
PP Defense
1 - 67% - 60% - 1:20
2 - 33% - 40% - 0:39
PK Forward
1 - 69% - 60% - 7:06
2 - 31% - 40% - 3:12
PK Defense
1 - 59% - 60% - 6:07
2 - 41% - 40% - 4:11
PK3 Forward
1 - 0% - 60%
2 - 0% - 40%
PK3 Defense
1 - 0% - 60%
2 - 0% - 40%
44 Forward
1 - 0% - 60%
2 - 0% - 40%
44 Defense
1 - 0% - 60%
2 - 0% - 40%
Last Minute Offensive - 0:00
Last Minute Defensive - 0:00
Total
Forward - 60:00
Defense - 60:00
|
Play by Play
1st period
0:01 of 1st period - Chris Drury wins face-off versus Robert Nilsson in neutral zone.
0:16 of 1st period - Snap shot by Robert Nilsson.
0:16 of 1st period - Shot Misses the Net.
0:31 of 1st period - Wrist shot by Chris Higgins.
0:31 of 1st period - Stopped by Martin Brodeur without a rebound.
0:32 of 1st period - Vaclav Prospal wins face-off versus Logan Couture in Nordiques zone.
0:32 of 1st period - Vaclav Prospal is hit by Jamie Langenbrunner.
0:57 of 1st period - Andy Rogers is hit by Nikita Kucherov.
1:13 of 1st period - Wrist shot by Nikita Kucherov.
1:13 of 1st period - Stopped by Tyler Weiman with a rebound.
1:15 of 1st period - Snap shot by Kyle Calder.
1:15 of 1st period - Stopped by Tyler Weiman without a rebound.
1:16 of 1st period - Pierre-Marc Bouchard wins face-off versus Jarret Stoll in Lightning zone.
2:06 of 1st period - Ryan Ellis is hit by Brent Burns and loses puck.
2:13 of 1st period - Backhand shot by Dmitry Kulikov.
2:13 of 1st period - Shot Misses the Net.
3:35 of 1st period - Snap shot by Rich Peverley.
3:35 of 1st period - Stopped by Tyler Weiman without a rebound.
3:36 of 1st period - Chris Drury wins face-off versus Robert Nilsson in Lightning zone.
3:37 of 1st period - Slapshot by Jean-Pierre Dumont.
3:37 of 1st period - Stopped by Tyler Weiman with a rebound.
5:24 of 1st period - Andy Rogers is hit by Rich Peverley and loses puck.
5:35 of 1st period - Snap shot by Rich Peverley.
5:35 of 1st period - Shot Misses the Net.
5:46 of 1st period - Off-side.
5:47 of 1st period - Darroll Powe wins face-off versus Vaclav Prospal in neutral zone.
6:53 of 1st period - Snap shot by Logan Couture.
6:53 of 1st period - Shot Misses the Net.
7:13 of 1st period - Ryan Ellis is hit by Pierre-Luc Létourneau and loses puck.
7:43 of 1st period - Wrist shot by Matt Moulson.
7:43 of 1st period - Shot Misses the Net.
7:45 of 1st period - Slapshot by Ryan Ellis.
7:45 of 1st period - Stopped by Tyler Weiman without a rebound.
7:46 of 1st period - Chris Drury wins face-off versus Pierre-Marc Bouchard in Lightning zone.
7:47 of 1st period - Wrist shot by Jean-Pierre Dumont.
7:47 of 1st period - Stopped by Tyler Weiman with a rebound.
7:49 of 1st period - Slapshot by Niklas Kronwall.
7:49 of 1st period - Deflect By Brent Burns.
7:49 of 1st period - Stopped by Tyler Weiman with a rebound.
8:01 of 1st period - Wrist shot by Chris Drury.
8:01 of 1st period - Stopped by Tyler Weiman without a rebound.
8:02 of 1st period - Robert Nilsson wins face-off versus Jarret Stoll in Lightning zone.
8:15 of 1st period - Backhand shot by Henrik Zetterberg.
8:15 of 1st period - Shot Misses the Net.
8:17 of 1st period - Wrist shot by Henrik Zetterberg.
8:17 of 1st period - Goal by Henrik Zetterberg - Nordiques : 0 - Lightning : 1.
8:18 of 1st period - Robert Nilsson wins face-off versus Chris Drury in neutral zone.
8:33 of 1st period - Snap shot by Chris Drury.
8:33 of 1st period - Stopped by Tyler Weiman without a rebound.
8:34 of 1st period - Pierre-Marc Bouchard wins face-off versus Vaclav Prospal in Lightning zone.
8:38 of 1st period - Off-side.
8:39 of 1st period - Vaclav Prospal wins face-off versus Pierre-Marc Bouchard in neutral zone.
9:04 of 1st period - Snap shot by Henrik Zetterberg.
9:04 of 1st period - Stopped by Martin Brodeur without a rebound.
9:05 of 1st period - Chris Drury wins face-off versus Robert Nilsson in Nordiques zone.
10:03 of 1st period - Off-side.
10:04 of 1st period - Henrik Zetterberg wins face-off versus Chris Drury in neutral zone.
10:42 of 1st period - Snap shot by Pierre-Marc Bouchard.
10:42 of 1st period - Stopped by Martin Brodeur with a rebound.
10:52 of 1st period - Slapshot by Dustin Byfuglien.
10:52 of 1st period - Stopped by Tyler Weiman with a rebound.
10:58 of 1st period - Fedor Tyutin is hit by Logan Couture and loses puck.
11:11 of 1st period - Nikolai Kulemin is hit by Sheldon Keefe and loses puck.
11:38 of 1st period - Fedor Tyutin is hit by Andy Rogers and loses puck.
11:59 of 1st period - Wrist shot by Kyle Calder.
11:59 of 1st period - Stopped by Tyler Weiman with a rebound.
12:34 of 1st period - Icing by Dustin Byfuglien.
12:35 of 1st period - Darroll Powe wins face-off versus Jarret Stoll in Nordiques zone.
12:36 of 1st period - Snap shot by John Carlson.
12:36 of 1st period - Shot Blocked by Matt Moulson.
13:18 of 1st period - Minor Penalty to Chris Higgins for Hooking.
13:19 of 1st period - Chris Drury wins face-off versus Logan Couture in Lightning zone.
13:30 of 1st period - Snap shot by Chris Drury.
13:30 of 1st period - Goal by Chris Drury - Nordiques : 1 - Lightning : 1.
13:31 of 1st period - Chris Drury wins face-off versus Robert Nilsson in neutral zone.
13:49 of 1st period - Off-side.
13:50 of 1st period - Vaclav Prospal wins face-off versus Pierre-Marc Bouchard in neutral zone.
13:59 of 1st period - Slapshot by Brent Burns.
13:59 of 1st period - Stopped by Martin Brodeur without a rebound.
14:00 of 1st period - Jean-Pierre Dumont wins face-off versus Pierre-Marc Bouchard in Nordiques zone.
14:08 of 1st period - Major / Game Misconduct Penalty to Chris Higgins for Spearing.
14:08 of 1st period - Chris Higgins is ejected from game.
14:09 of 1st period - Logan Couture wins face-off versus Chris Drury in Lightning zone.
14:46 of 1st period - Icing by Dmitry Kulikov.
14:47 of 1st period - Chris Drury wins face-off versus Darroll Powe in Nordiques zone.
17:10 of 1st period - Matt Moulson is hit by Sheldon Keefe and loses puck.
17:17 of 1st period - Jeff Schultz is hit by Dustin Byfuglien and loses puck.
19:00 of 1st period - Jarret Stoll is hit by Jamie Langenbrunner and loses puck.
19:08 of 1st period - Penalty to Chris Higgins is over, Jamie Langenbrunner is send on ice.
19:51 of 1st period - Minor Penalty to Daniel Carcillo for Slashing.
19:52 of 1st period - Chris Drury wins face-off versus Logan Couture in Lightning zone.
Goals for this period are 1 for Nordiques vs 1 for Lightning .
Shots for this period are 12 for Nordiques vs 5 for Lightning .
2nd period
0:01 of 2nd period - Logan Couture wins face-off versus Chris Drury in neutral zone.
0:03 of 2nd period - Off-side.
0:04 of 2nd period - Chris Drury wins face-off versus Logan Couture in neutral zone.
0:29 of 2nd period - Snap shot by Vaclav Prospal.
0:29 of 2nd period - Stopped by Tyler Weiman with a rebound.
0:31 of 2nd period - Slapshot by Jean-Pierre Dumont.
0:31 of 2nd period - Stopped by Tyler Weiman without a rebound.
0:32 of 2nd period - Jamie Langenbrunner wins face-off versus Vaclav Prospal in Lightning zone.
1:04 of 2nd period - Slapshot by Ryan Ellis.
1:04 of 2nd period - Shot Blocked by Brent Burns.
1:06 of 2nd period - Wrist shot by Ryan Ellis.
1:06 of 2nd period - Stopped by Tyler Weiman with a rebound.
1:08 of 2nd period - Wrist shot by R.J. Umberger.
1:08 of 2nd period - Shot Misses the Net.
1:51 of 2nd period - Penalty to Daniel Carcillo is over, Daniel Carcillo is back on ice.
2:11 of 2nd period - Slapshot by Daniel Carcillo.
2:11 of 2nd period - Stopped by Martin Brodeur without a rebound.
2:12 of 2nd period - Rich Peverley wins face-off versus Pierre-Marc Bouchard in Nordiques zone.
2:23 of 2nd period - Snap shot by Nikolai Kulemin.
2:23 of 2nd period - Stopped by Tyler Weiman with a rebound.
2:39 of 2nd period - Slapshot by Robert Nilsson.
2:39 of 2nd period - Shot Misses the Net.
2:41 of 2nd period - Snap shot by John Carlson.
2:41 of 2nd period - Stopped by Martin Brodeur without a rebound.
2:42 of 2nd period - Chris Drury wins face-off versus Robert Nilsson in Nordiques zone.
2:52 of 2nd period - Minor Penalty to T.J. Fast for Hooking.
2:53 of 2nd period - Pascal Dupuis wins face-off versus Robert Nilsson in Nordiques zone.
3:19 of 2nd period - Chris Drury is hit by Wayne Simmonds and loses puck.
4:52 of 2nd period - Penalty to T.J. Fast is over, T.J. Fast is back on ice.
4:58 of 2nd period - Pierre-Luc Létourneau is hit by Chris Drury and loses puck.
5:28 of 2nd period - Dustin Byfuglien is hit by Sheldon Keefe.
5:40 of 2nd period - Slapshot by Vaclav Prospal.
5:40 of 2nd period - Stopped by Tyler Weiman with a rebound.
5:56 of 2nd period - Wrist shot by Daniel Carcillo.
5:56 of 2nd period - Stopped by Martin Brodeur without a rebound.
5:57 of 2nd period - Chris Drury wins face-off versus Logan Couture in Nordiques zone.
6:02 of 2nd period - Slapshot by Ryan Ellis.
6:02 of 2nd period - Shot Blocked by Logan Couture.
6:04 of 2nd period - Slapshot by Ryan Ellis.
6:04 of 2nd period - Stopped by Tyler Weiman without a rebound.
6:05 of 2nd period - Chris Drury wins face-off versus Robert Nilsson in Lightning zone.
6:32 of 2nd period - Kyle Calder is hit by Logan Couture.
6:36 of 2nd period - Snap shot by Kyle Calder.
6:36 of 2nd period - Shot Blocked by Logan Couture.
7:38 of 2nd period - Brent Burns is hit by Fedor Tyutin and loses puck.
7:53 of 2nd period - Kyle Calder is hit by Sheldon Keefe and loses puck.
8:57 of 2nd period - Slapshot by Wes O'Neill.
8:57 of 2nd period - Shot Blocked by T.J. Fast.
8:59 of 2nd period - Slapshot by Logan Couture.
8:59 of 2nd period - Shot Misses the Net.
9:22 of 2nd period - Sheldon Keefe is hit by Jean-Pierre Dumont and loses puck.
10:08 of 2nd period - Wes O'Neill is hit by Dustin Byfuglien and loses puck.
10:45 of 2nd period - Darroll Powe is hit by Dustin Byfuglien and loses puck.
11:08 of 2nd period - Jamie Langenbrunner is hit by Nikita Kucherov and loses puck.
11:41 of 2nd period - Jean-Pierre Dumont is hit by Pierre-Marc Bouchard and loses puck.
11:54 of 2nd period - Sheldon Keefe is hit by Pascal Dupuis and loses puck.
12:05 of 2nd period - Slapshot by Rich Peverley.
12:05 of 2nd period - Stopped by Tyler Weiman without a rebound.
12:06 of 2nd period - Chris Drury wins face-off versus Pierre-Marc Bouchard in Lightning zone.
12:41 of 2nd period - Kyle Calder is hit by Robert Nilsson and loses puck.
13:20 of 2nd period - Matt Moulson is hit by Wes O'Neill and loses puck.
13:39 of 2nd period - Pierre-Marc Bouchard is hit by Jean-Pierre Dumont and loses puck.
14:16 of 2nd period - Snap shot by John Carlson.
14:16 of 2nd period - Shot Misses the Net.
14:42 of 2nd period - Niklas Kronwall is hit by Brent Burns and loses puck.
15:15 of 2nd period - Snap shot by Michael Ryder.
15:15 of 2nd period - Stopped by Tyler Weiman with a rebound.
15:23 of 2nd period - Slapshot by Darroll Powe.
15:23 of 2nd period - Stopped by Martin Brodeur with a rebound.
15:25 of 2nd period - Snap shot by Jeff Schultz.
15:25 of 2nd period - Stopped by Martin Brodeur without a rebound.
15:26 of 2nd period - Pierre-Marc Bouchard wins face-off versus Chris Drury in Nordiques zone.
15:31 of 2nd period - Snap shot by Pierre-Marc Bouchard.
15:31 of 2nd period - Stopped by Martin Brodeur with a rebound.
15:43 of 2nd period - Slapshot by Pierre-Marc Bouchard.
15:43 of 2nd period - Shot Misses the Net.
16:19 of 2nd period - Slapshot by Alexander Sulzer.
16:19 of 2nd period - Shot Blocked by Matt Moulson.
16:21 of 2nd period - Slapshot by Wes O'Neill.
16:21 of 2nd period - Stopped by Martin Brodeur without a rebound.
16:22 of 2nd period - Logan Couture wins face-off versus Jean-Pierre Dumont in Nordiques zone.
16:49 of 2nd period - Wayne Simmonds is hit by Nikita Kucherov and loses puck.
17:08 of 2nd period - Snap shot by Pierre-Marc Bouchard.
17:08 of 2nd period - Stopped by Martin Brodeur with a rebound.
18:19 of 2nd period - Logan Couture is hit by Fedor Tyutin and loses puck.
18:58 of 2nd period - Wrist shot by Pierre-Marc Bouchard.
18:58 of 2nd period - Stopped by Martin Brodeur with a rebound.
19:00 of 2nd period - Snap shot by Pierre-Marc Bouchard.
19:00 of 2nd period - Stopped by Martin Brodeur with a rebound.
19:36 of 2nd period - Kris Versteeg is hit by T.J. Fast and loses puck.
19:49 of 2nd period - Snap shot by R.J. Umberger.
19:49 of 2nd period - Shot Misses the Net.
19:51 of 2nd period - Slapshot by R.J. Umberger.
19:51 of 2nd period - Stopped by Tyler Weiman with a rebound.
19:59 of 2nd period - Snap shot by Jean-Pierre Dumont.
19:59 of 2nd period - Shot Misses the Net.
Goals for this period are 0 for Nordiques vs 0 for Lightning .
Shots for this period are 9 for Nordiques vs 10 for Lightning .
3rd period
0:01 of 3rd period - Chris Drury wins face-off versus Robert Nilsson in neutral zone.
0:12 of 3rd period - Wrist shot by Jean-Pierre Dumont.
0:12 of 3rd period - Stopped by Tyler Weiman with a rebound.
1:08 of 3rd period - Wrist shot by Logan Couture.
1:08 of 3rd period - Shot Misses the Net.
1:10 of 3rd period - Slapshot by John Carlson.
1:10 of 3rd period - Shot Blocked by Nikolai Kulemin.
1:12 of 3rd period - Snap shot by John Carlson.
1:12 of 3rd period - Stopped by Martin Brodeur with a rebound.
1:42 of 3rd period - Slapshot by Kyle Calder.
1:42 of 3rd period - Shot Misses the Net.
1:46 of 3rd period - Snap shot by Nikita Kucherov.
1:46 of 3rd period - Shot Blocked by John Carlson.
1:48 of 3rd period - Slapshot by Fedor Tyutin.
1:48 of 3rd period - Shot Misses the Net.
2:04 of 3rd period - Slapshot by John Carlson.
2:04 of 3rd period - Shot Blocked by Fedor Tyutin.
3:01 of 3rd period - Kyle Calder is hit by Jamie Langenbrunner and loses puck.
3:16 of 3rd period - Dustin Byfuglien is hit by Darroll Powe and loses puck.
3:33 of 3rd period - Jeff Schultz is hit by Fedor Tyutin and loses puck.
3:54 of 3rd period - Brent Burns is hit by R.J. Umberger and loses puck.
4:39 of 3rd period - Dmitry Kulikov is hit by Pierre-Marc Bouchard and loses puck.
4:48 of 3rd period - Niklas Kronwall is hit by Daniel Carcillo and loses puck.
5:06 of 3rd period - Snap shot by Michael Ryder.
5:06 of 3rd period - Stopped by Tyler Weiman with a rebound.
5:08 of 3rd period - Slapshot by Dustin Byfuglien.
5:08 of 3rd period - Stopped by Tyler Weiman with a rebound.
5:10 of 3rd period - Slapshot by Dustin Byfuglien.
5:10 of 3rd period - Shot Blocked by Pierre-Marc Bouchard.
5:12 of 3rd period - Slapshot by Matt Moulson.
5:12 of 3rd period - Stopped by Tyler Weiman without a rebound.
5:13 of 3rd period - Chris Drury wins face-off versus Robert Nilsson in Lightning zone.
5:18 of 3rd period - Slapshot by Chris Drury.
5:18 of 3rd period - Deflect By Jean-Pierre Dumont.
5:18 of 3rd period - Shot Blocked by John Carlson.
5:18 of 3rd period - Puck is out of play.
5:19 of 3rd period - Chris Drury wins face-off versus Robert Nilsson in Lightning zone.
5:54 of 3rd period - Snap shot by Jean-Pierre Dumont.
5:54 of 3rd period - Stopped by Tyler Weiman with a rebound.
5:56 of 3rd period - Slapshot by Jean-Pierre Dumont.
5:56 of 3rd period - Goal by Jean-Pierre Dumont - Nordiques : 2 - Lightning : 1.
5:57 of 3rd period - Darroll Powe wins face-off versus Vaclav Prospal in neutral zone.
5:59 of 3rd period - Minor Penalty to Darroll Powe for Hooking.
6:00 of 3rd period - Logan Couture wins face-off versus Chris Drury in Lightning zone.
6:16 of 3rd period - Wrist shot by Logan Couture.
6:16 of 3rd period - Shot Blocked by Fedor Tyutin.
6:26 of 3rd period - Sheldon Keefe is hit by Jean-Pierre Dumont and loses puck.
6:53 of 3rd period - Sheldon Keefe is hit by Chris Drury and loses puck.
7:10 of 3rd period - Brent Burns is hit by Kyle Calder and loses puck.
7:59 of 3rd period - Penalty to Darroll Powe is over, Darroll Powe is back on ice.
8:18 of 3rd period - Icing by Pascal Dupuis.
8:19 of 3rd period - Robert Nilsson wins face-off versus Pascal Dupuis in Nordiques zone.
8:34 of 3rd period - Snap shot by Henrik Zetterberg.
8:34 of 3rd period - Deflect By Ryan Ellis.
8:34 of 3rd period - Stopped by Martin Brodeur without a rebound.
8:35 of 3rd period - Vaclav Prospal wins face-off versus Pierre-Marc Bouchard in Nordiques zone.
8:44 of 3rd period - Wrist shot by Vaclav Prospal.
8:44 of 3rd period - Deflect By Kyle Calder.
8:44 of 3rd period - Shot Blocked by Logan Couture.
8:44 of 3rd period - Puck is out of play.
8:45 of 3rd period - Vaclav Prospal wins face-off versus Pierre-Marc Bouchard in Lightning zone.
8:48 of 3rd period - Snap shot by Vaclav Prospal.
8:48 of 3rd period - Shot Misses the Net.
8:50 of 3rd period - Snap shot by Kyle Calder.
8:50 of 3rd period - Stopped by Tyler Weiman without a rebound.
8:51 of 3rd period - Chris Drury wins face-off versus Robert Nilsson in Lightning zone.
9:00 of 3rd period - Wrist shot by Jean-Pierre Dumont.
9:00 of 3rd period - Shot Blocked by Robert Nilsson.
9:02 of 3rd period - Slapshot by Dustin Byfuglien.
9:02 of 3rd period - Stopped by Tyler Weiman with a rebound.
9:04 of 3rd period - Snap shot by R.J. Umberger.
9:04 of 3rd period - Shot Misses the Net.
9:06 of 3rd period - Wrist shot by Chris Drury.
9:06 of 3rd period - Shot Blocked by Henrik Zetterberg.
9:36 of 3rd period - Off-side.
9:37 of 3rd period - Pierre-Marc Bouchard wins face-off versus Jarret Stoll in neutral zone.
9:48 of 3rd period - Wrist shot by Kris Versteeg.
9:48 of 3rd period - Shot Blocked by Dustin Byfuglien.
9:55 of 3rd period - Icing by Fedor Tyutin.
9:56 of 3rd period - Jarret Stoll wins face-off versus Robert Nilsson in Nordiques zone.
9:56 of 3rd period - Jarret Stoll is hit by Henrik Zetterberg.
10:10 of 3rd period - Robert Nilsson is hit by Jarret Stoll and loses puck.
10:17 of 3rd period - Snap shot by Matt Moulson.
10:17 of 3rd period - Stopped by Tyler Weiman with a rebound.
10:19 of 3rd period - Slapshot by Fedor Tyutin.
10:19 of 3rd period - Stopped by Tyler Weiman without a rebound.
10:20 of 3rd period - Chris Drury wins face-off versus Daniel Carcillo in Lightning zone.
10:35 of 3rd period - Snap shot by Daniel Carcillo.
10:35 of 3rd period - Shot Misses the Net.
11:15 of 3rd period - Minor Penalty to Henrik Zetterberg for Slashing.
11:16 of 3rd period - Chris Drury wins face-off versus Sheldon Keefe in Lightning zone.
11:52 of 3rd period - Off-side.
11:53 of 3rd period - Chris Drury wins face-off versus Darroll Powe in neutral zone.
12:24 of 3rd period - Slapshot by Ryan Ellis.
12:24 of 3rd period - Goal by Ryan Ellis - Nordiques : 3 - Lightning : 1.
12:25 of 3rd period - R.J. Umberger wins face-off versus Robert Nilsson in neutral zone.
12:40 of 3rd period - Snap shot by Chris Drury.
12:40 of 3rd period - Shot Misses the Net.
12:52 of 3rd period - Nikita Kucherov is hit by Daniel Carcillo.
13:21 of 3rd period - Slapshot by Fedor Tyutin.
13:21 of 3rd period - Stopped by Tyler Weiman with a rebound.
13:35 of 3rd period - Pierre-Marc Bouchard is hit by Dmitry Kulikov and loses puck.
14:29 of 3rd period - Slapshot by Brent Burns.
14:29 of 3rd period - Stopped by Martin Brodeur with a rebound.
15:02 of 3rd period - Snap shot by Vaclav Prospal.
15:02 of 3rd period - Goal by Vaclav Prospal - Nordiques : 4 - Lightning : 1.
15:03 of 3rd period - Robert Nilsson wins face-off versus Chris Drury in neutral zone.
15:06 of 3rd period - Slapshot by Brent Burns.
15:06 of 3rd period - Stopped by Martin Brodeur without a rebound.
15:07 of 3rd period - Robert Nilsson wins face-off versus Jean-Pierre Dumont in Nordiques zone.
15:08 of 3rd period - Slapshot by Henrik Zetterberg.
15:08 of 3rd period - Shot Blocked by Dustin Byfuglien.
15:10 of 3rd period - Snap shot by Brent Burns.
15:10 of 3rd period - Deflect By Dustin Byfuglien.
15:10 of 3rd period - Stopped by Martin Brodeur with a rebound.
15:16 of 3rd period - Snap shot by Henrik Zetterberg.
15:16 of 3rd period - Stopped by Martin Brodeur with a rebound.
15:18 of 3rd period - Backhand shot by Robert Nilsson.
15:18 of 3rd period - Stopped by Martin Brodeur with a rebound.
15:20 of 3rd period - Wrist shot by Wayne Simmonds.
15:20 of 3rd period - Stopped by Martin Brodeur without a rebound.
15:21 of 3rd period - Chris Drury wins face-off versus Robert Nilsson in Nordiques zone.
15:46 of 3rd period - Nikita Kucherov is hit by Daniel Carcillo and loses puck.
16:11 of 3rd period - Snap shot by Michael Ryder.
16:11 of 3rd period - Shot Misses the Net.
16:13 of 3rd period - Slapshot by Dustin Byfuglien.
16:13 of 3rd period - Shot Misses the Net.
16:15 of 3rd period - Wrist shot by Jarret Stoll.
16:15 of 3rd period - Stopped by Tyler Weiman without a rebound.
16:16 of 3rd period - Robert Nilsson wins face-off versus Chris Drury in Lightning zone.
16:31 of 3rd period - Snap shot by Chris Drury.
16:31 of 3rd period - Stopped by Tyler Weiman with a rebound.
17:00 of 3rd period - Snap shot by Kris Versteeg.
17:00 of 3rd period - Stopped by Martin Brodeur without a rebound.
17:01 of 3rd period - Pierre-Marc Bouchard wins face-off versus Jarret Stoll in Nordiques zone.
17:02 of 3rd period - Wrist shot by Kris Versteeg.
17:02 of 3rd period - Shot Misses the Net.
18:33 of 3rd period - Snap shot by Jean-Pierre Dumont.
18:33 of 3rd period - Stopped by Tyler Weiman with a rebound.
18:35 of 3rd period - Snap shot by Ryan Ellis.
18:35 of 3rd period - Stopped by Tyler Weiman without a rebound.
18:36 of 3rd period - Logan Couture wins face-off versus Vaclav Prospal in Lightning zone.
18:36 of 3rd period - Logan Couture is hit by Kyle Calder.
19:02 of 3rd period - Wrist shot by Chris Drury.
19:02 of 3rd period - Stopped by Tyler Weiman without a rebound.
19:03 of 3rd period - Robert Nilsson wins face-off versus Chris Drury in Lightning zone.
19:34 of 3rd period - Wrist shot by R.J. Umberger.
19:34 of 3rd period - Stopped by Tyler Weiman with a rebound.
19:53 of 3rd period - Slapshot by Brent Burns.
19:53 of 3rd period - Shot Blocked by Fedor Tyutin.
19:55 of 3rd period - Snap shot by Kris Versteeg.
19:55 of 3rd period - Stopped by Martin Brodeur without a rebound.
19:56 of 3rd period - Vaclav Prospal wins face-off versus Robert Nilsson in Nordiques zone.
Goals for this period are 3 for Nordiques vs 0 for Lightning .
Shots for this period are 19 for Nordiques vs 10 for Lightning .
Back to the Top